AoeStats
← HAKUNA MATATA

Black Forest

507131833Analyzed
4v4 RM · 16d ago on Sep 16, 2026· 47m 43s· 8 players
Game mode
Random Map
Map size
Large (8 player)
Population
200
Speed
Normal
Resources
Standard
Victory
Conquest
Starting age
Dark Age
Ending age
Imperial Age
RankedLock teamsTeams togetherTeam positionsShared explorationLock speedFull tech treeHidden civsTurbo modeCheats
Victory
Defeat
🇬🇧 Britons · United Kingdom
1705
+8
🇧🇷 Persians · Brazil
1688
+9
🇨🇱 Bohemians · Chile
1636
+10
🇨🇱 Khmer · Chile
1562
+14
🇪🇸 Bohemians · Spain
1580
-13
🇭🇰 Britons · Hong Kong SAR China
1562
-12
🇹🇼 Berbers · Taiwan
1492
-9
🇹🇷 Dravidians · Türkiye
1415
-7
NPG | FishCL
1:01 Loom
11:51 Feudal Age
13:21 Fishing Lines
16:07 Castle Age
14:03 Double-Bit Axe
14:30 Horse Collar
17:01 Bow Saw
23:30 Wheelbarrow
26:43 Hand Cart
29:14 Imperial Age
27:01 Fletching
28:14 Chemistry
27:56 Fortified Wall
28:26 Town Watch
29:22 Masonry
30:12 Padded Archer Armor
31:40 Architecture
31:55 Siege Engineers
33:23 Bodkin Arrow
33:29 Houfnice
34:05 Elite Skirmisher
35:08 Caravan
36:06 Bracer
36:21 Leather Archer Armor
36:35 Ballistics
38:50 Conscription
40:56 Ring Archer Armor
40:34 Wagenburg Tactics
46:02 Coinage
46:35 Scale Mail Armor
JustAGecko
0:32 Loom
11:25 Feudal Age
15:13 Castle Age
13:37 Double-Bit Axe
17:06 Bow Saw
18:52 Fishing Lines
21:12 Gillnets
25:05 Fletching
25:45 Bodkin Arrow
25:44 Horse Collar
27:46 Gold Mining
27:47 Stone Mining
30:54 Imperial Age
29:32 Heavy Plow
30:23 Yeomen
30:15 Padded Archer Armor
31:25 Leather Archer Armor
31:32 Ballistics
31:45 Masonry
31:38 Bracer
32:40 Chemistry
31:51 Warwolf
31:39 Elite Longbowman
33:51 Gold Shaft Mining
34:19 Two-Man Saw
34:12 Ring Archer Armor
35:15 Conscription
36:07 Siege Engineers
36:33 Architecture
35:44 Treadmill Crane
38:47 Hoardings
40:47 Caravan
41:17 Coinage
41:03 Guilds
44:45 Banking
AiM | PoRRo
2:55 Loom
12:28 Feudal Age
15:09 Castle Age
13:26 Horse Collar
15:04 Double-Bit Axe
20:22 Bow Saw
21:47 Heavy Plow
22:32 Wheelbarrow
23:54 Hand Cart
24:06 Gold Mining
24:06 Stone Mining
29:08 Imperial Age
27:23 Caravan
28:46 Gold Shaft Mining
28:33 Scale Barding Armor
29:09 Bloodlines
28:59 Husbandry
30:01 Chain Barding Armor
31:09 Stone Shaft Mining
31:18 Plate Barding Armor
31:30 Elite Battle Elephant
33:02 Forging
35:36 Iron Casting
37:33 Blast Furnace
36:23 Fishing Lines
37:16 Conscription
36:58 Tusk Swords
42:09 Heavy Scorpion
43:40 Ballistics
44:20 Chemistry
42:51 Capped Ram
43:40 Light Cavalry
44:53 Siege Ram
46:56 Hussar
Mr Diniz
9:20 Loom
11:06 Feudal Age
15:18 Castle Age
13:27 Double-Bit Axe
16:16 Bow Saw
17:13 Fishing Lines
17:39 Horse Collar
22:49 Wheelbarrow
22:45 Gillnets
24:26 Heavy Plow
29:32 Imperial Age
27:08 Gold Mining
27:56 Scale Barding Armor
28:48 Gold Shaft Mining
28:38 Hand Cart
29:01 Caravan
29:24 Chain Barding Armor
30:12 Conscription
30:30 Bloodlines
30:20 Husbandry
31:04 Crop Rotation
31:44 Plate Barding Armor
32:23 Forging
32:05 Elite War Elephant
33:34 Coinage
34:17 Iron Casting
34:44 Banking
34:36 Guilds
35:57 Masonry
36:10 Ballistics
35:41 Fletching
37:36 Blast Furnace
38:25 Two-Man Saw
38:49 Hoardings
38:45 Architecture
40:10 Bodkin Arrow
Puskas
1:45 Loom
12:00 Feudal Age
12:34 Double-Bit Axe
12:54 Fishing Lines
21:20 Castle Age
22:24 Bow Saw
25:03 Imperial Age
24:59 Chemistry
25:17 Gillnets
27:36 Wheelbarrow
29:59 Padded Archer Armor
36:40 Siege Engineers
39:31 Pikeman
40:11 Squires
39:57 Arson
42:17 Halberdier
43:51 Halberdier
46:20 Horse Collar
JamesPower 小龐
3:17 Loom
12:57 Feudal Age
13:55 Horse Collar
16:27 Castle Age
15:48 Double-Bit Axe
18:37 Wheelbarrow
21:04 Town Watch
24:39 Fletching
25:22 Bodkin Arrow
31:36 Imperial Age
29:28 Scale Barding Armor
29:56 Bow Saw
30:23 Bloodlines
30:38 Husbandry
31:41 Cavalier
32:34 Heavy Camel Rider
33:55 Chain Barding Armor
34:04 Heavy Plow
34:33 Forging
35:52 Plate Barding Armor
35:34 Gold Mining
35:34 Stone Mining
36:12 Light Cavalry
38:14 Caravan
38:25 Guilds
39:11 Coinage
40:43 Iron Casting
40:08 Bracer
39:32 Hussar
40:28 Padded Archer Armor
42:32 Ballistics
43:13 Chemistry
42:57 Hand Cart
43:43 Masonry
43:29 Murder Holes
43:15 Treadmill Crane
46:23 Conscription
46:04 Kasbah
47:30 Blast Furnace
46:47 Leather Archer Armor
LagiPup
0:36 Loom
12:08 Feudal Age
14:18 Double-Bit Axe
16:40 Castle Age
14:47 Horse Collar
15:55 Fishing Lines
26:16 Wheelbarrow
29:10 Imperial Age
27:14 Fletching
27:46 Gold Mining
27:46 Stone Mining
28:15 Bodkin Arrow
28:45 Hand Cart
28:15 Town Watch
29:23 Ballistics
30:33 Elite Longbowman
31:49 Bracer
31:50 Padded Archer Armor
33:25 Leather Archer Armor
34:15 Chemistry
34:43 Scale Mail Armor
34:54 Forging
35:14 Ring Archer Armor
35:18 Pikeman
35:59 Squires
35:44 Arson
36:15 Chain Mail Armor
36:44 Conscription
37:15 Iron Casting
38:43 Halberdier
40:23 Warwolf
41:11 Yeomen
41:38 Yeomen
45:32 Plate Mail Armor
46:02 Blast Furnace
HAKUNA MATATA
11:13 Feudal Age
12:08 Horse Collar
14:58 Castle Age
14:22 Double-Bit Axe
16:09 Bow Saw
16:07 Heavy Plow
22:34 Loom
23:24 Wheelbarrow
24:57 Gold Mining
25:02 Stone Mining
25:45 Loom
30:19 Imperial Age
28:31 Ballistics
28:02 Fletching
28:35 Padded Archer Armor
29:13 Hand Cart
28:43 Town Watch
30:06 Leather Archer Armor
29:52 Bodkin Arrow
30:28 Elite Elephant Archer
32:54 Two-Man Saw
33:05 Chemistry
33:59 Pikeman
34:39 Squires
34:25 Arson
34:25 Gambesons
34:42 Scale Mail Armor
34:52 Forging
34:43 Bracer
35:13 Ring Archer Armor
34:40 Halberdier
35:05 Onager
36:38 Chain Mail Armor
36:59 Iron Casting
39:16 Conscription
41:34 Plate Mail Armor
42:06 Blast Furnace
41:31 Wootz Steel
41:16 Medical Corps
47:19 Medical Corps
Connection lost

Rejoining the realm…

Still unreachable

The connection could not be restored.

Session expired

The server has moved on; the page needs a fresh start.